 Dungeon Crawl Stone Soup version 0.25-a0-194-gece12570e2 (webtiles) character file.

Game seed: 13363801281954920282, levelgen mode: deterministic

10 MrRokkomies the Skirmisher (level 2, -2/26 HPs)
             Began as a Ghoul Monk on Dec 1, 2019.
             Slain by a hobgoblin
             ... wielding a +0 club
              (5 damage)
             ... on level 1 of the Dungeon.
             The game lasted 00:01:08 (252 turns).

MrRokkomies the Skirmisher (Ghoul Monk)              Turns: 252, Time: 00:01:09

Health: -2/26      AC:  2    Str: 14    XL:     2   Next: 20%
Magic:  1/1        EV: 13    Int:  5    God:
Gold:   47         SH:  0    Dex: 11    Spells: 1/1 levels left

rFire    . . .     SeeInvis .   a - +0 mace
rCold    + . .     Gourm    .   (no shield)
rNeg     + + +     Faith    .   b - +0 robe
rPois    ∞         Spirit   .   (no helmet)
rElec    .         Reflect  .   (no cloak)
rCorr    .         Harm     .   (no gloves)
MR       .....                  (no boots)
Stlth    ++........             (no amulet)
HPRegen  0.00/turn              (no ring)
MPRegen  0.07/turn              (no ring)

@: rotting
A: rotting body, claws 1, carnivore, cold resistance 1, negative energy
resistance 3, inhibited regeneration, torment resistance, unbreathing
a: no special abilities


You were on level 1 of the Dungeon.
You were not hungry.

You visited 1 branch of the dungeon, and saw 1 of its levels.

You collected 47 gold pieces.

Inventory:

Hand Weapons
 a - a +0 mace (weapon)
Armour
 b - a +0 robe (worn)
Scrolls
 f - 2 scrolls of identify {unknown}
Potions
 d - a potion of might {unknown}
 e - a potion of lignification {unknown}
 h - a potion of flight {unknown}
Comestibles
 c - 3 rations
 g - 4 chunks of flesh


   Skills:
 * Level 3.6 Fighting
 * Level 2.9 Maces & Flails
 + Level 2.8 Dodging
 - Level 2.1 Stealth


You had one spell level left.
You didn't know any spells.
Your spell library was empty.

Dungeon Overview and Level Annotations

Branches:
Dungeon (1/15)

Altars:


Innate Abilities, Weirdness & Mutations

Your body is rotting away.
You thrive on raw meat.
You are immune to poison.
You have sharp fingernails.
You are carnivorous and can eat meat at any time.
Your flesh is cold resistant. (rC+)
You are immune to negative energy. (rN+++)
You do not regenerate when monsters are visible.
You are immune to unholy pain and torment.
You can survive without breathing.


Message History

The hobgoblin shouts!
Found a green potion.
You see here 2 gold pieces.
The rat bites you.
You are too injured to fight recklessly!
You are too injured to fight recklessly!
You are too injured to fight recklessly!
You are too injured to fight recklessly!
You are too injured to fight recklessly!
You are too injured to fight recklessly!
You hit the rat.
You kill the rat!
The hobgoblin barely misses you.
You barely miss the hobgoblin. The hobgoblin hits you with a +0 club!
You hit the hobgoblin.
The hobgoblin is lightly wounded.
The hobgoblin hits you with a +0 club.
* * * LOW HITPOINT WARNING * * *
The hobgoblin hits you with a +0 club.
You die...

...####.## .#
...'.÷..#####+###.#
...####.##.....>..#
...# #.##........#
...# #.##.......!#
.### #.##.(......#
. ###'##........#
#####.....$.......#
#.............g@.#
#...........#+####
#..÷..#######
#.....# #.....#
#.....# #######


You could see a hobgoblin.

Vanquished Creatures
  A leopard gecko (D:1)
  4 bats (D:1)
  3 kobolds (D:1)
  3 rats (D:1)
11 creatures vanquished.

Notes
Turn   | Place    | Note
-------+----------+-------------------------------------------
     0 | D:1      | MrRokkomies the Ghoul Monk began the quest for the Orb.
     0 | D:1      | Reached XP level 1. HP: 19/19 MP: 0/0
   164 | D:1      | Reached XP level 2. HP: 20/26 MP: 1/1
   252 | D:1      | Slain by a hobgoblin

Levels and vault maps discovered:
D:1:      sevenhm_arrival_forest_fort_small_4, layout_basic,
          minmay_small_reverse_x

Action                   || total
-------------------------++-------
Melee: Mace              ||    36
 Stab: Sleeping          ||     1
Armor: Robe              ||    13
Dodge: Dodged            ||    36

Table legend:
 A = Non-vault XP
 B = Vault XP
 C = Vault XP percentage of total XP
 D = Non-vault monster count
 E = Vault monster count
 F = Vault count percentage of total count
                 A         B        C        D         E       F
            +---------+---------+-------+---------+---------+-------
      Total |      11 |       4 |  26.7 |       8 |       3 |  27.3
            +---------+---------+-------+---------+---------+-------
        D:1 |      11 |       4 |  26.7 |       8 |       3 |  27.3
            +---------+---------+-------+---------+---------+-------
